 Dungeon Crawl Stone Soup version 0.21.0 (webtiles) character file.

581 MenacingMecha the Skirmisher (level 7, -2/60 HPs)
             Began as a Gnoll Wanderer on Jan 7, 2018.
             Slain by an ice beast (14 damage)
             ... on level 5 of the Dungeon.
             The game lasted 00:09:56 (3347 turns).

MenacingMecha the Skirmisher (Gnoll Wanderer)       Turns: 3347, Time: 00:09:56

Health: -2/60      AC: 11    Str: 15    XL:     7   Next: 36%
Magic:  10/10      EV: 11    Int: 15    God:
Gold:   259        SH:  0    Dex: 15    Spells: 9/10 levels left

rFire    . . .     SeeInvis .   a - +0 short sword
rCold    . . .     Gourm    .   (no shield)
rNeg     . . .     Faith    .   d - +3 scale mail
rPois    .         Spirit   .   (no helmet)
rElec    .         Reflect  .   i - +0 cloak
rCorr    .         Harm     .   (no gloves)
MR       .....                  (no boots)
Stlth    +.........             (no amulet)
HPRegen  0.20/turn              (no ring)
MPRegen  0.12/turn              (no ring)

@: no status effects
A: distributed training, fangs 1, strong nose
a: no special abilities


You were on level 5 of the Dungeon.
You were not hungry.

You visited 1 branch of the dungeon, and saw 5 of its levels.

You collected 259 gold pieces.

Inventory:

Hand Weapons
 a - a +0 short sword (weapon)
 b - a +1 hand crossbow
 n - a +0 spear
Missiles
 c - 54 bolts
 o - 6 tomahawks (quivered)
 x - 6 javelins of penetration
Armour
 d - a +3 scale mail (worn)
 i - a +0 cloak (worn)
 p - a +2 robe of fire resistance
Wands
 y - a wand of random effects (24)
 C - a wand of acid (9)
Scrolls
 j - 7 scrolls of identify
 k - 4 scrolls of teleportation
 l - a scroll of blinking
 q - a scroll of remove curse
 r - a scroll of magic mapping
 s - a scroll of fear
Potions
 e - 2 potions of cancellation
 g - a potion of might
 h - 2 potions of lignification {unknown}
 u - a potion of curing
Books
 m - a book of Misfortune

   Spells                             Type                      Level
   a - Confusing Touch                Hexes                        1
   b - Confuse                        Hexes                        3
   c - Gell's Gravitas                Translocation                3
   d - Petrify                        Transmutation/Earth          4
   e - Metabolic Englaciation         Hexes/Ice                    5
   f - Yara's Violent Unravelling     Hexes/Transmutation          5
Comestibles
 f - 4 rations


   Skills:
 + Level 7.0 Fighting
 + Level 3.5 Short Blades
 + Level 2.4 Long Blades
 + Level 2.4 Axes
 + Level 2.4 Maces & Flails
 + Level 2.4 Polearms
 + Level 2.4 Staves
 + Level 2.4 Slings
 + Level 2.4 Bows
 + Level 5.2 Crossbows
 + Level 2.4 Throwing
 + Level 3.5 Armour
 + Level 3.5 Dodging
 + Level 3.4 Stealth
 + Level 3.5 Shields
 + Level 2.4 Unarmed Combat
 + Level 2.4 Spellcasting
 + Level 2.0 Conjurations
 + Level 2.0 Hexes
 + Level 2.0 Charms
 + Level 2.0 Summonings
 + Level 2.0 Necromancy
 + Level 2.0 Translocations
 + Level 2.0 Transmutations
 + Level 2.0 Fire Magic
 + Level 2.0 Ice Magic
 + Level 2.0 Air Magic
 + Level 2.0 Earth Magic
 + Level 2.0 Poison Magic
 + Level 2.6 Invocations
 + Level 2.4 Evocations


You had 9 spell levels left.
You knew the following spells:

 Your Spells              Type           Power        Failure   Level  Hunger
a - Confusing Touch       Hex            #.....       34%         1    #......


Dungeon Overview and Level Annotations

Branches:
Dungeon (5/15)
 Temple: D:4-7

Altars:
Dithmenos
Elyvilon
Nemelex Xobeh
Uskayaw
Wu Jian

Annotations:
D:2 2 transporters


Innate Abilities, Weirdness & Mutations

Your experience applies equally to all skills.
You have very sharp teeth.
Your uncanny sense of smell can sniff out nearby items.


Message History

The ice beast is almost dead.
The ice beast hits you but does no damage.
You hit the ice beast but do no damage.
The ice beast is almost dead.
The ice beast hits you but does no damage.
You hit the ice beast but do no damage.
The ice beast is almost dead.
The ice beast closely misses you.
You closely miss the ice beast.
You bite the ice beast, but do no damage.
The ice beast is almost dead.
The ice beast hits you but does no damage.
You hit the ice beast but do no damage.
The ice beast is almost dead.
You barely miss the ice beast.
The ice beast is almost dead.
The ice beast hits you.
* * * LOW HITPOINT WARNING * * *
The ice beast freezes you!
You die...

..#.## #.........#
###.#####.#######.#
#.........# ### .#
#.........#######.#
..........'.._..+.#
#.........###.###.#
..##.###..# .#
.#.<....#.###+###.#
..........)...oY@.#
..........##.#o####
..........$.!..#
.....(....######
.....(....#
......>...#
#........##
......... ..


You could see an ice beast and 2 orcs.

Vanquished Creatures
  A phantom (D:4)
  2 ogres
  A quasit (D:5)
  A hound (D:4)
  2 orc wizards (D:5)
  A centaur skeleton (D:4)
  Terence (D:2)
  7 adders
  3 oozes
  An adder skeleton (D:4)
  3 worms
  4 dart slugs
  5 leopard geckos
  3 orcs
  A ball python (D:2)
  3 giant cockroaches
  2 goblins (D:2)
  4 hobgoblins
  7 jackals
  8 bats
  6 frilled lizards
  2 kobolds
  7 rats
75 creatures vanquished.

Notes
Turn   | Place    | Note
-------+----------+-------------------------------------------
     0 | D:1      | MenacingMecha the Gnoll Wanderer began the quest for the Orb.
     0 | D:1      | MenacingMecha set off with: a +2 scale mail, a +0 hand crossbow, 30 bolts, a +0 short sword, a ration
     0 | D:1      | Reached XP level 1. HP: 23/23 MP: 1/1
   121 | D:1      | Reached XP level 2. HP: 26/29 MP: 2/2
   466 | D:1      | Reached XP level 3. HP: 33/35 MP: 3/3
   830 | D:2      | Found a hide-covered altar of Uskayaw.
   830 | D:2      | Noticed a wyvern
   854 | D:2      | Learned a level 1 spell: Confusing Touch
   859 | D:2      | Found a transporter.
   868 | D:2      | Found a transporter.
   893 | D:2      | Reached skill level 1 in Invocations
  1019 | D:2      | Reached skill level 1 in Long Blades
  1019 | D:2      | Reached skill level 1 in Axes
  1019 | D:2      | Reached skill level 1 in Maces & Flails
  1019 | D:2      | Reached skill level 1 in Polearms
  1019 | D:2      | Reached skill level 1 in Staves
  1019 | D:2      | Reached skill level 1 in Slings
  1019 | D:2      | Reached skill level 1 in Bows
  1019 | D:2      | Reached skill level 1 in Throwing
  1019 | D:2      | Reached skill level 1 in Unarmed Combat
  1019 | D:2      | Reached skill level 1 in Spellcasting
  1019 | D:2      | Reached skill level 1 in Evocations
  1052 | D:2      | Reached XP level 4. HP: 26/41 MP: 5/5
  1291 | D:2      | Reached skill level 1 in Conjurations
  1291 | D:2      | Reached skill level 1 in Hexes
  1291 | D:2      | Reached skill level 1 in Charms
  1291 | D:2      | Reached skill level 1 in Summonings
  1291 | D:2      | Reached skill level 1 in Necromancy
  1291 | D:2      | Reached skill level 1 in Translocations
  1291 | D:2      | Reached skill level 1 in Transmutations
  1291 | D:2      | Reached skill level 1 in Fire Magic
  1291 | D:2      | Reached skill level 1 in Ice Magic
  1291 | D:2      | Reached skill level 1 in Air Magic
  1291 | D:2      | Reached skill level 1 in Earth Magic
  1291 | D:2      | Reached skill level 1 in Poison Magic
  1294 | D:2      | Found a shadowy altar of Dithmenos.
  1322 | D:2      | Found a white marble altar of Elyvilon.
  1447 | D:2      | Noticed Terence
  1463 | D:2      | Killed Terence
  1463 | D:2      | Reached XP level 5. HP: 42/47 MP: 5/7
  1706 | D:3      | Found a faded altar of an unknown god.
  2096 | D:4      | Noticed an ogre
  2102 | D:4      | Killed an ogre
  2102 | D:4      | Reached XP level 6. HP: 53/53 MP: 8/8
  2348 | D:4      | Found a sparkling altar of Nemelex Xobeh.
  2549 | D:4      | Reached skill level 5 in Crossbows
  2622 | D:4      | Noticed a phantom
  2647 | D:4      | Killed a phantom
  2916 | D:5      | Entered Level 5 of the Dungeon
  2922 | D:5      | Reached XP level 7. HP: 57/59 MP: 10/10
  3072 | D:5      | Reached skill level 7 in Fighting
  3281 | D:5      | Found an ornate altar of the Wu Jian Council.
  3336 | D:5      | HP: 2/60 [ice beast (7)]
  3347 | D:5      | Slain by an ice beast

Skill      XL: |  1  2  3  4  5  6  7 |
---------------+----------------------+-----
Invocations    | 1 2 |  2.6
Long Blades    | 1 2 |  2.4
Axes           | 1 2 |  2.4
Maces & Flails | 1 2 |  2.4
Polearms       | 1 2 |  2.4
Staves         | 1 2 |  2.4
Slings         | 1 2 |  2.4
Bows           | 1 2 |  2.4
Throwing       | 1 2 |  2.4
Unarmed Combat | 1 2 |  2.4
Spellcasting   | 1 2 |  2.4
Evocations     | 1 2 |  2.4
Conjurations   | 1 2 |  2.0
Hexes          | 1 2 |  2.0
Charms         | 1 2 |  2.0
Summonings     | 1 2 |  2.0
Necromancy     | 1 2 |  2.0
Translocations | 1 2 |  2.0
Transmutations | 1 2 |  2.0
Fire Magic     | 1 2 |  2.0
Ice Magic      | 1 2 |  2.0
Air Magic      | 1 2 |  2.0
Earth Magic    | 1 2 |  2.0
Poison Magic   | 1 2 |  2.0
Short Blades   | 3 |  3.5
Armour         | 3 |  3.5
Dodging        | 3 |  3.5
Shields        | 3 |  3.5
Stealth        | 3 |  3.4
Crossbows      | 5 |  5.2
Fighting       | 7 |  7.0

Action                   |  1- 3 |  4- 6 |  7- 9 || total
-------------------------+-------+-------+-------++-------
Melee: Short sword       |   147 |   178 |    65 ||   390
       Bite              |    15 |    23 |     9 ||    47
 Fire: Hand crossbow     |     5 |    21 |    10 ||    36
  Use: Scroll            |     4 |     8 |     1 ||    13
       Potion            |       |     6 |     1 ||     7
 Stab: Sleeping          |       |     1 |       ||     1
  Eat: Chunk             |     1 |     5 |     2 ||     8
Armor: Scale mail        |    60 |    79 |    46 ||   185
Dodge: Dodged            |    72 |   111 |    43 ||   226
